 Dungeon Crawl Stone Soup version 0.29-a0-1039-gfc20370e89 (webtiles) character file.

Game seed: 11724707932144453230

27 27heaven the Slasher (level 2, -2/39 HPs)
             Began as a Draconian Fighter on Aug 15, 2022.
             Frozen to death by an endoplasm (5 damage)
             ... on level 1 of the Dungeon.
             The game lasted 00:01:02 (1021 turns).

27heaven the Slasher (Draconian Fighter)            Turns: 1021, Time: 00:01:02

Health: -2/39      AC: 21    Str: 18    XL:     2   Next: 93%
Magic:  2/2        EV:  2    Int:  8    God:
Gold:   54         SH:  4    Dex: 10    Spells: 1/1 levels left

rFire   . . .      SeeInvis .   a - +0 long sword
rCold   . . .      Faith    .   b - +0 buckler
rNeg    . . .      Spirit   .   (body armour unavailable)
rPois   +          Reflect  .   (helmet currently unavailable)
rElec   .          Harm     .   (cloak currently unavailable)
rCorr   .          Rampage  .   (gloves currently unavailable)
Will    .....      NoTele   +   (boots currently unavailable)
Stlth   +.........              (no amulet)
HPRegen 0.13/turn               (no ring)
MPRegen 0.08/turn               (no ring)

@: mighty, tree-form
A: stationary, stasis, torment immunity, boosted hp, AC +4, unfitting armour,
(cold-blooded)
a: no special abilities


You were on level 1 of the Dungeon.
You were a tree.
You visited 1 branch of the dungeon, and saw 1 of its levels.

You collected 54 gold pieces.

Inventory:

Hand Weapons
 a - a +0 long sword (weapon)
Armour
 b - a +0 buckler (worn)
Scrolls
 d - a scroll of teleportation {unknown}
 e - 4 scrolls of identify {unknown}
 f - a scroll of poison {unknown}
Potions
 c - 3 potions of might
 g - a potion of curing {unknown}
 h - 2 potions of lignification
 i - a potion of berserk rage {unknown}


   Skills:
 - Level 3.2 Fighting
 + Level 3.5 Long Blades
 - Level 2.6 Dodging
 - Level 3.0 Shields


You had one spell level left.
You didn't know any spells.
Your spell library was empty.

Dungeon Overview and Level Annotations

Branches:
Dungeon (1/15)

Altars:


Innate Abilities, Weirdness & Mutations

You are a tree.
Your roots penetrate the ground, keeping you stationary.
You cannot be teleported.
You are immune to unholy pain and torment.
Your maximum health is greatly increased.
Your equipment is partially melded.
((Your plain brown scales are hard. (AC +4)))
You cannot fit into any form of body armour.
((You are cold-blooded and may be slowed by cold attacks.))


Message History

You closely miss the giant cockroach.
The giant cockroach is almost dead.
The giant cockroach completely misses you.
The giant cockroach bites you but does no damage.
The giant cockroach barely misses you. You block the giant cockroach's attack.
You hit the giant cockroach but do no damage.
The giant cockroach is almost dead.
The giant cockroach barely misses you. You block the giant cockroach's attack.
The giant cockroach bites you.
You hit the giant cockroach.
You kill the giant cockroach!
The giant cockroach bites you.
* * * LOW HITPOINT WARNING * * *
The giant cockroach barely misses you.
You hit the endoplasm.
You tail-slap the endoplasm, but do no damage.
The endoplasm is lightly wounded.
The endoplasm completely misses you. The giant cockroach closely misses you.
You hit the endoplasm.
The endoplasm is severely wounded.
The giant cockroach bites you but does no damage.
The endoplasm freezes you.
You are frozen.
* * * LOW HITPOINT WARNING * * *
The giant cockroach barely misses you.
It was a potion of lignification.
You turn into a tree.
Your roots penetrate the ground.
The endoplasm hits you.
* * * LOW HITPOINT WARNING * * *
The giant cockroach bites you.
* * * LOW HITPOINT WARNING * * *
You feel very mighty all of a sudden.
The endoplasm hits you but does no damage.
The giant cockroach bites you but does no damage.
Okay, then.
You slash the endoplasm!
You kill the endoplasm!
The giant cockroach bites you but does no damage.
The endoplasm freezes you.
You are frozen.
You die...

##.######.##.## #.# #..#
##.##.####.#
##.####..##......##
#.................#
#.###+#######'###.#
#.#..⌠...>...⌠..#.##
#.#......<......#..#
#.+⌠....###....⌠+..#
###.#.....♣B......#..#
#...#######J#######..#
#.#.#.....BrJ.....#..#
#.#.#......h......#..#
#.#.#.............#..#
####.#.###############..######
#.............................
#....#.######'#######(##.#####
#.####.# ##...## #.......#


You could see 2 endoplasms, a jackal, 2 giant cockroaches and a rat.

Vanquished Creatures
  3 endoplasms (D:1)
  5 giant cockroaches (D:1)
  A goblin (D:1)
  4 hobgoblins (D:1)
  4 jackals (D:1)
  A quokka (D:1)
  A ball python (D:1)
  4 rats (D:1)
23 creatures vanquished.

Notes
Turn   | Place    | Note
-------+----------+-------------------------------------------
     0 | D:1      | 27heaven the Draconian Fighter began the quest for the Orb.
     0 | D:1      | Reached XP level 1. HP: 19/19 MP: 1/1
     1 | D:1      | Found a runed translucent door.
   292 | D:1      | Reached XP level 2. HP: 24/26 MP: 2/2
  1021 | D:1      | Frozen to death by an endoplasm

Illustrated notes

Levels and vault maps discovered:
D:1:      dpeg_arrival_caged_fury, layout_loops_corners

Skill      XL: |  1  2 |
---------------+-------+-----
Long Blades    | 3 |  3.5
Fighting       | |  3.2
Dodging        | |  2.6
Shields        | |  3.0

Action                   || total
-------------------------++-------
Melee: Long sword        ||    72
       Tailslap          ||     5
  Use: Potion            ||     2
Armor: Skin              ||    31
Dodge: Dodged            ||    45
Block: Buckler           ||    21

Table legend: (Time is in decaauts)
 A = Elapsed time spent in this place.
 B = Non-inter-level travel time spent in this place.
 C = Inter-level travel time spent in this place.
 D = Time resting spent in this place.
 E = Time spent auto-exploring this place.
 F = Levels seen in this place.
 G = Mean time per level.
                   A        B        C        D        E       F      G
               +--------+--------+--------+--------+--------+-----+--------+
         Total |   1044 |   1044 |      0 |      0 |    863 |   1 | 1044.0 |
       Dungeon |   1044 |   1044 |      0 |      0 |    863 |   1 | 1044.0 |
               +--------+--------+--------+--------+--------+-----+--------+

Top non-repeatable levels by time:
     D:1: 1044 daAuts
